[Event "Grand Prix Romania 1st Stage 2024"]
[Site "Bucuresti"]
[Date "2024.03.24"]
[Round "8.12"]
[White "Efroimski, Marsel"]
[Black "Bernadskiy, Vitaliy"]
[Result "0-1"]
[ECO "B51"]
[WhiteElo "2467"]
[BlackElo "2573"]
[Annotator "TA"]
[PlyCount "88"]
[EventDate "2024.03.20"]
[EventType "swiss"]
[EventCountry "ROU"]
[SourceTitle "playchess.com"]
[Source "ChessBase"]
[SourceQuality "1"]
[TimeControl "900+5"]

1. e4 c5 2. Nf3 d6 3. Bb5+ Nd7 4. d4 cxd4 5. Qxd4 a6 6. Be2 {[%emt 0:00:02] B51: Sicilian: Moscow Variation (3 Bb5+) without 3...Bd7.} Ngf6 7. Nc3 g6 8. O-O Bg7 9. Rd1 O-O 10. e5 Nh5 11. Qh4 dxe5 12. Bg5 f6 13. Bc4+ $146 ({Predecessor:} 13. Be3 Kh8 14. Nd5 e6 15. Nb6 Nf4 16. Bf1 Rb8 17. Rd6 Qc7 18. Rad1 g5 19. Qg3 {0-1 Nasuta,G (2553)-Navara,D (2719) POL-chT Ekstraliga 2020 (9.4)}) 13... Kh8 14. Be3 Qa5 (14... Qe8 $11 {keeps the balance.}) 15. Nd5 $16 e6 (15... b5 {was called for.}) 16. b4 $1 $18 Qa3 17. Nc7 e4 18. Nd2 (18. Nxa8 exf3 19. Bb3 (19. Bxe6 Ne5 $18) 19... a5 $18 (19... fxg2 $2 20. Bc1 $18)) 18... f5 19. Nxa8 f4 20. Rab1 $2 (20. Ba7 $1 $18) 20... fxe3 $11 21. Nxe4 Ne5 $2 (21... exf2+ $11 22. Nxf2 Qe3) 22. Rd8 $1 $18 (22. Nb6 exf2+ 23. Nxf2 Qe3 24. Nxc8 g5 $11 (24... Nxc4 $2 25. Rd8 $18)) 22... Nxc4 23. Rxf8+ Bxf8 24. Qd8 Kg7 $2 (24... Kg8 25. Qxc8 Qxa2 26. Qxe6+ Kg7) 25. Qc7+ $18 (25. Qxc8 Qxa2 26. Rf1 (26. Qxb7+ Kh6 $16) 26... e2 $18) 25... Kh6 26. Qxc4 Bd7 27. g4 Nf4 28. g5+ Kh5 29. Nf6+ Kxg5 30. Nxd7 e2 (30... exf2+ $142 31. Kxf2 Qh3 32. Nxf8 (32. Rg1+ Kf5 $16) 32... Qh4+ 33. Kf1 (33. Ke3 Nd5+ 34. Kd3 Qh3+ 35. Ke2 Qxh2+ 36. Kf3 Qh3+ 37. Kf2 Qe3+ 38. Kf1 Qf3+ 39. Ke1 Qg3+ 40. Ke2 Qg2+ 41. Ke1 Qg3+ 42. Ke2 Qg2+ 43. Ke1 Qg3+ $11) 33... Qh3+ 34. Ke1 Qe3+ 35. Kd1 Qg1+ 36. Kd2 Qxb1 37. Nxh7+ (37. Nxe6+ Nxe6 38. Qxe6 Qxb4+ 39. Kd3 Qb5+ 40. c4 Qb1+ 41. Kd4 Qxa2 $11) 37... Kf5) 31. Qb3 $2 (31. Nxf8 Nh3+ 32. Kg2 Nf4+ 33. Kg1 Nh3+ 34. Kg2 Nf4+ 35. Kg1 $11) ({White should try} 31. h4+ $18 Kf5 32. Qd4 (32. Nxf8 Qh3 $11)) 31... Qxb3 $15 32. axb3 (32. cxb3 $2 {is the wrong capture.} Bxb4 33. Nc7 Kf5 $19 (33... e1=R+ 34. Rxe1 Bxe1 35. Nc5 $14)) 32... Bxb4 33. Nc7 (33. f3 $1 $15) 33... Kf5 $1 $19 34. f3 e1=Q+ 35. Rxe1 Bxe1 36. Nc5 Ba5 37. Ne8 $2 {[%emt 0:00:10] [#]} (37. Na8) 37... Bb6 $1 $19 38. Nd6+ Ke5 39. Ndxb7 {[%emt 0:00:01] [#]} (39. Nc4+ $142 Kd5 40. Nxb6+ Kxc5 41. Nd7+ Kd4 42. Kf2) 39... Kd5 $1 $19 40. b4 a5 41. c3 (41. Kf1 $142 Bxc5 (41... axb4 $2 42. Ne4 $19) (41... Kc6 $2 42. Nxa5+ Bxa5 43. Nxe6 $19) 42. Nxc5 axb4 43. Ne4) 41... Nd3 42. Kf1 Nxc5 43. bxc5 Bc7 ({Less strong is} 43... Bxc5 44. Nxa5 Bd6 45. h3 $17) 44. Ke2 Kc6 ({Weaker is} 44... Bxh2 45. Nxa5 Kxc5 46. Kd3 $19) 0-1

[Event "Grand Prix Romania 1st Stage 2024"]
[Site "Bucuresti"]
[Date "2024.03.24"]
[Round "8.13"]
[White "Bulau, Andrei-Cristian"]
[Black "Jianu, Vlad-Cristian"]
[Result "0-1"]
[ECO "D35"]
[WhiteElo "2142"]
[BlackElo "2491"]
[Annotator "TA"]
[PlyCount "54"]
[EventDate "2024.03.20"]
[EventType "swiss"]
[EventCountry "ROU"]
[SourceTitle "playchess.com"]
[Source "ChessBase"]
[SourceQuality "1"]
[TimeControl "900+5"]

1. d4 Nf6 2. c4 e6 3. Nc3 d5 4. cxd5 exd5 5. Bg5 Be7 6. e3 Nbd7 7. Bd3 c6 8. Nge2 h6 9. Bh4 Nh5 10. Bxe7 Qxe7 11. O-O {[%emt 0:00:04] Die Stellung ist ausgeglichen.} O-O 12. Qc2 Re8 13. Rac1 Nb6 14. Na4 Nxa4 15. Qxa4 Bg4 16. Ng3 Nxg3 17. hxg3 h5 18. Qc2 Qg5 19. b4 Re6 20. b5 Rae8 (20... Rh6 $1 $15) 21. bxc6 $11 bxc6 22. Qa4 $2 {[%emt 0:01:15] [#]} (22. Rfe1 $11 {und Weiss steht sicher.}) 22... Rh6 $1 $19 {[%emt 0:02:27] Und jetzt ...h4 wäre schön.} 23. Qxa7 {[%emt 0:04:48] Droht Rb1 und aus.} h4 24. gxh4 (24. Qc7 h3 25. f4 (25. Rxc6 $2 {zu gefräßig.} hxg2 26. Qf4 gxf1=Q+ $19)) 24... Qxh4 (24... Rxh4 $142 25. Qe7 Rxe7 (25... Qxe7 $2 26. Rc3 $19) 26. Rxc6 Re8 27. Re6 fxe6 (27... Rxe6 {führt zum Matt.} 28. f4 Qh6 29. Rf3 Rh1+ 30. Kf2 Qh4+ 31. Rg3 Rb6 32. Bc2 Rb2 33. e4 Rxc2+ 34. Ke3 Qxg3#) 28. f4 Qh6 29. Kf2 Rb8 30. Kg3 Rh3+ 31. gxh3 Qxh3+ 32. Kf2 Rb2+ 33. Bc2 Rxc2+ 34. Kg1 Qh2#) 25. f3 Qh2+ ({Und nicht} 25... Rxe3 26. Qb8+) 26. Kf2 {[%emt 0:00:01] [#] Schwarz muss nun Rh1 beachten.} Bxf3 $1 27. e4 (27. Kxf3 Rf6+) 27... Qxg2+ {[%emt 0:00:42] Gewichteter Fehlerwert: Weiß=0.91/Schwarz=0.32.  Verlustzug:     	Weiß=1     	---        Fehler:       	Weiß=1     	Schwarz=2     Ungenau:       	Weiß=1     	---        OK:         	Weiß=4     	Schwarz=7     Bester:       	Weiß=1     	Schwarz=1     Stark:        	---       	Schwarz=1} 0-1

[Event "Grand Prix Romania 1st Stage 2024"]
[Site "Bucuresti"]
[Date "2024.03.24"]
[Round "8.14"]
[White "Parligras, Mircea-Emilian"]
[Black "Stoleriu, George"]
[Result "1-0"]
[ECO "E90"]
[WhiteElo "2543"]
[BlackElo "2391"]
[Annotator "TA"]
[PlyCount "59"]
[EventDate "2024.03.20"]
[EventType "swiss"]
[EventCountry "ROU"]
[SourceTitle "playchess.com"]
[Source "ChessBase"]
[SourceQuality "1"]
[TimeControl "900+5"]

1. d4 Nf6 2. c4 g6 3. Nc3 Bg7 4. e4 d6 5. h3 O-O 6. Be3 c5 7. Nf3 cxd4 8. Nxd4 b6 9. Qd2 {[%emt 0:00:27] White is more active.} Bb7 10. f3 Nbd7 {[%emt 0:00:16] White is better.} 11. O-O-O Rc8 12. Bh6 a6 13. h4 Nh5 {[%emt 0:03:04] White now steadily converts the win.} 14. Rh3 e5 15. Bxg7 Nxg7 16. Nc2 Rc6 (16... Ne8 $16 17. h5 Ndf6) 17. Nb4 $18 Ne8 (17... Rc7 {was worth a try.} 18. Qxd6 Kh8) 18. Nxc6 Bxc6 19. f4 exf4 20. Qxf4 Qe7 21. g4 Ne5 22. g5 Qe6 23. Nd5 b5 24. cxb5 Bxb5 25. Rc3 {[%emt 0:00:38] Threatens to win with Bh3.} Ng7 $2 {[%emt 0:00:01] [#]} (25... f6) 26. Bh3 f5 27. gxf6 Qf7 28. Rc7 Nd7 29. Bxd7 Nh5 30. Qxd6 {[%emt 0:00:11] Weighted Error Value: White=0.05 (flawless) /Black=0.80.  Mistake:       	---       	Black=3      Inaccurate:     	---       	Black=2      OK:         	White=9     	Black=2      Best:        	White=2     	---} 1-0

[Event "Grand Prix Romania 1st Stage 2024"]
[Site "Bucuresti"]
[Date "2024.03.24"]
[Round "8.15"]
[White "Filev, Georgi"]
[Black "Castellanos Rodriguez, Renier"]
[Result "1/2-1/2"]
[ECO "B51"]
[WhiteElo "2210"]
[BlackElo "2469"]
[Annotator "TA"]
[PlyCount "91"]
[EventDate "2024.03.20"]
[EventType "swiss"]
[EventCountry "ROU"]
[SourceTitle "playchess.com"]
[Source "ChessBase"]
[SourceQuality "1"]
[TimeControl "900+5"]

1. e4 c5 2. Nf3 Nc6 3. Bb5 d6 4. O-O Bd7 5. Re1 Nf6 6. c3 a6 7. Bxc6 Bxc6 8. d4 Bxe4 9. Bg5 Bd5 10. Nbd2 e6 11. c4 Bxf3 12. Qxf3 cxd4 13. Bxf6 gxf6 14. Qxb7 {[%emt 0:00:07] Black is weak on the light squares} Qc8 {[%emt 0:03:06] Wards off Qc6+} 15. Qd5 Be7 16. Qxd4 Qc5 17. Qc3 Rc8 18. Ne4 Qe5 19. Qc2 O-O 20. Rad1 {[%emt 0:00:10][%cal Oe4d6,Ba1d1,Bd1d3,Bd3f3][%mdl 32] Nxd6! would now be deadly.} Qf5 {[%emt 0:00:53] [#]} (20... Qa5 $14) 21. Qe2 {[%emt 0:00:40] White is more active.} (21. Qa4 $1 $16) 21... Rfd8 $14 22. Rd3 Kh8 23. Rf3 Qe5 24. Re3 Qd4 ({Better is} 24... f5 $14 25. Ng3 Qa5) 25. b3 ({White must play} 25. Qh5 $16 {Intending Rh3 and mate.} f5 26. Qxf7) 25... f5 $11 26. Rd1 Qg7 27. Nd2 d5 28. cxd5 Rxd5 {[%emt 0:00:01] Strongly threatening ...Rcd8.} 29. Nc4 Rxd1+ 30. Qxd1 Rd8 31. Qb1 Bc5 32. Re1 Qd4 $40 {[%emt 0:00:06][%mdl 128] Black has some attack.} (32... Rg8 $5 33. g3 $8 f4 $11) 33. Qc2 Bb4 34. Rf1 Kg7 35. Qe2 Bc5 36. h3 Qe4 (36... Qf4 {is more complex.} 37. Qc2 Kf6 38. Re1 Rd3) 37. Qb2+ (37. Re1 {simplifies} Qxe2 38. Rxe2 Rd1+ 39. Kh2) 37... Bd4 38. Qa3 {[%emt 0:00:05] [#]} (38. Qc1 $11 {remains equal.} h6 39. Re1) 38... Qe2 (38... Kf6 $1 $17 {And now ...Rg8 would win.} 39. Nd2 Qe2) 39. Qc1 $1 $15 h6 {[%emt 0:00:20] Prevents Qg5+} (39... Qxa2 40. Qg5+ Kh8 41. Qxd8+ Kg7 42. Qxd4+ f6 43. Qd7+ Kh6 44. Qxe6) 40. Qf4 Bf6 41. Qg3+ Kh7 42. Qc7 Kg7 (42... Qxa2 $2 {too greedy.} 43. Qxf7+ Bg7 44. Qxe6 $18) 43. Qg3+ Kf8 44. Qc7 ({White should try} 44. Qe3 $11 Qxe3 (44... Qxa2 45. Qxh6+ Ke7 46. Qe3 $11) 45. fxe3) 44... Kg7 ({Much weaker is} 44... Qxa2 $6 45. Ne5 Be7 46. Nc6 $14) (44... Rd3 $15) 45. Qg3+ $11 Kh7 46. Qc7 {[%emt 0:00:01] Weighted Error Value: White=0.16 (very precise) /Black=0.18 (very precise) .  Mistake:       	White=4     	Black=4      Inaccurate:     	White=1     	Black=4      OK:         	White=11    	Black=11     Best:        	White=2     	Black=1      Strong:       	White=1     	---} 1/2-1/2

[Event "Grand Prix Romania 1st Stage 2024"]
[Site "Bucuresti"]
[Date "2024.03.24"]
[Round "8.16"]
[White "Antonica, Dragos-Andrei"]
[Black "Istratescu, Andrei"]
[Result "1/2-1/2"]
[ECO "A37"]
[WhiteElo "2366"]
[BlackElo "2374"]
[Annotator "RC"]
[PlyCount "58"]
[EventDate "2024.03.20"]
[EventType "swiss"]
[EventCountry "ROU"]
[SourceTitle "playchess.com"]
[Source "ChessBase"]
[SourceQuality "1"]
[TimeControl "900+5"]

1. c4 c5 2. Nc3 Nc6 3. g3 g6 4. Bg2 Bg7 5. Nf3 e5 6. O-O Nge7 7. a3 O-O 8. Rb1 a5 9. Ne1 d6 10. Nc2 Be6 11. Ne3 Rb8 12. d3 Qd7 13. Ned5 Bh3 14. Nxe7+ Nxe7 15. b4 Bxg2 16. Kxg2 axb4 17. axb4 cxb4 18. Rxb4 d5 19. Qa4 Qe6 20. cxd5 Nxd5 21. Nxd5 Qxd5+ 22. Kg1 b5 23. Qb3 Qxb3 24. Rxb3 Rfc8 25. Be3 Rc2 26. Rfb1 Rxe2 27. Kf1 Rc2 28. Rxb5 Rxb5 29. Rxb5 Rc8 1/2-1/2

[Event "Grand Prix Romania 1st Stage 2024"]
[Site "Bucuresti"]
[Date "2024.03.24"]
[Round "8.17"]
[White "Tilicheev, Viacheslav"]
[Black "Manolache, Marius"]
[Result "1-0"]
[ECO "B47"]
[WhiteElo "2485"]
[BlackElo "2387"]
[Annotator "RC"]
[PlyCount "79"]
[EventDate "2024.03.20"]
[EventType "swiss"]
[EventCountry "ROU"]
[SourceTitle "playchess.com"]
[Source "ChessBase"]
[SourceQuality "1"]
[TimeControl "900+5"]

1. e4 c5 2. Nf3 e6 3. d4 cxd4 4. Nxd4 Nc6 5. Nc3 Qc7 6. Qd3 a6 7. Nxc6 bxc6 8. Qg3 Qxg3 9. hxg3 Rb8 10. g4 d5 11. b3 Bb4 12. Bd2 Nf6 13. g5 Nd7 14. Rh4 Ba3 15. Rd1 O-O 16. Bd3 Nc5 17. Ke2 Nxd3 18. cxd3 g6 19. Rdh1 h5 20. g4 d4 21. Nb1 Bd6 22. gxh5 e5 23. hxg6 fxg6 24. Bc1 Kf7 25. Ba3 Ke6 26. Rh7 Rg8 27. Rc1 Bd7 28. Bxd6 Kxd6 29. Nd2 Bg4+ 30. f3 Be6 31. Kf2 Rh8 32. Rch1 Rxh7 33. Rxh7 a5 34. Rg7 Rg8 35. Rxg8 Bxg8 36. Nc4+ Bxc4 37. bxc4 Kc5 38. f4 exf4 39. e5 a4 40. Kf3 1-0

[Event "Grand Prix Romania 1st Stage 2024"]
[Site "Bucuresti"]
[Date "2024.03.24"]
[Round "8.18"]
[White "Bologan, Victor"]
[Black "Antal, Hunor-Zoltan"]
[Result "1/2-1/2"]
[ECO "B55"]
[WhiteElo "2594"]
[BlackElo "2272"]
[Annotator "RC"]
[PlyCount "179"]
[EventDate "2024.03.20"]
[EventType "swiss"]
[EventCountry "ROU"]
[SourceTitle "playchess.com"]
[Source "ChessBase"]
[SourceQuality "1"]
[TimeControl "900+5"]

1. e4 c5 2. Nf3 d6 3. d4 cxd4 4. Nxd4 Nf6 5. Bd3 Nc6 6. Nxc6 bxc6 7. O-O g6 8. b3 Bg7 9. Bb2 O-O 10. Nc3 Nd7 11. Na4 Qa5 12. Bxg7 Kxg7 13. Qe2 Nc5 14. Nb2 Qc3 15. Rab1 a5 16. Bc4 a4 17. Nd3 Nxd3 18. Bxd3 axb3 19. cxb3 c5 20. Rfd1 Be6 21. Rbc1 Qe5 22. Qd2 Ra3 23. f4 Qd4+ 24. Kh1 Rfa8 25. Rc2 f6 26. Qe2 Qb4 27. h3 Bf7 28. Rdd2 h5 29. Qf2 Qd4 30. Qe2 Bxb3 31. Bb5 Qb4 32. axb3 Ra1+ 33. Kh2 Qxb3 34. e5 R8a3 35. exf6+ Kxf6 36. Bd3 Qb1 37. Qe4 Qg1+ 38. Kg3 Qe1+ 39. Qxe1 Rxe1 40. Kf2 Rb1 41. Bc4 Rb4 42. Re2 Raa4 43. Re6+ Kf5 44. g4+ hxg4 45. hxg4+ Kxf4 46. Bd5 Rd4 47. Bc6 Rac4 48. Rce2 g5 49. Rxe7 Kxg4 50. Bf3+ Kf5 51. Kg3 Rc3 52. Kg2 Rf4 53. Bh5 g4 54. Rg7 Rcc4 55. Rd2 Rcd4 56. Re2 Rde4 57. Ra2 Ra4 58. Re2 Rae4 59. Bg6+ Kf6 60. Bxe4 Kxg7 61. Kg3 Rf6 62. Rd2 Re6 63. Bf5 Re5 64. Kxg4 d5 65. Ra2 Kf6 66. Ra6+ Ke7 67. Kf4 Re1 68. Rc6 c4 69. Bg4 Re4+ 70. Kf3 Re5 71. Kf4 Re4+ 72. Kf5 Kd7 73. Rc5 Kd6 74. Rc8 Re5+ 75. Kf4 Re7 76. Bf3 Rc7 77. Rd8+ Rd7 78. Ra8 Kc5 79. Ra5+ Kb4 80. Ra8 d4 81. Bg4 Re7 82. Bf5 d3 83. Be4 d2 84. Rd8 Kc3 85. Ke3 Rxe4+ 86. Kxe4 Kc2 87. Ke3 d1=Q 88. Rxd1 Kxd1 89. Kd4 Kc2 90. Kxc4 1/2-1/2

[Event "Grand Prix Romania 1st Stage 2024"]
[Site "Bucuresti"]
[Date "2024.03.24"]
[Round "8.19"]
[White "Fridman, Daniel"]
[Black "Nastase, Robert-Paul"]
[Result "1-0"]
[ECO "E06"]
[WhiteElo "2590"]
[BlackElo "2226"]
[Annotator "TA"]
[PlyCount "71"]
[EventDate "2024.03.20"]
[EventType "swiss"]
[EventCountry "ROU"]
[SourceTitle "playchess.com"]
[Source "ChessBase"]
[SourceQuality "1"]
[TimeControl "900+5"]

1. Nf3 d5 2. g3 e6 3. Bg2 Nf6 4. d4 c5 5. O-O Nc6 6. c4 Be7 7. cxd5 Nxd5 8. dxc5 Bxc5 9. a3 O-O 10. Qc2 Be7 11. Rd1 {[%emt 0:00:02] e4 would now be deadly.} Bd7 12. e4 Nf6 13. Nc3 Qc7 {[%emt 0:02:25] White is slightly better.} 14. Qe2 Rad8 15. e5 {[%emt 0:01:33][%cal Oc3b5] Strongly threatening Nb5!} Nd5 $1 16. Bd2 Nxc3 17. Bxc3 Bc8 18. Nd2 b6 19. Ne4 (19. Rac1 $14) 19... Nxe5 $15 20. Qh5 Ng6 21. Rdc1 {[%emt 0:00:13][%cal Oc3g7] Threatens to win with Bxg7!} Qb8 22. h4 Bb7 23. Ng5 {[%emt 0:00:03] [#]} Bxg5 $1 24. hxg5 e5 (24... Qa8 $17 25. Bxb7 Qxb7) 25. Re1 Rfe8 26. Be4 Bxe4 27. Rxe4 Rd5 28. Kg2 Qb7 {[%emt 0:00:10][%cal Od5d4] White must now prevent ...Rd4!} 29. f3 a5 30. Rh1 Nf8 31. Rhe1 Ng6 ({Black should play} 31... Qc6 $15) 32. f4 b5 33. Bxa5 f5 (33... Rc8 $11 34. Bc3 exf4 35. Re8+ Rxe8 36. Rxe8+ Nf8) 34. gxf6 $16 {[%emt 0:00:09] aiming for f5.} gxf6 $2 (34... Ra8 {was worth a try.}) 35. f5 $18 Rd4 $2 {[%emt 0:00:02] [#]} (35... Kg7 36. fxg6 hxg6) 36. fxg6 $1 {[%emt 0:09:39] Weighted Error Value: White=0.18 (very precise) /Black=0.39.  Mistake:       	White=1     	Black=5      Inaccurate:     	White=4     	Black=3      OK:         	White=7     	Black=7      Best:        	White=2     	Black=1      Strong:       	---       	Black=2} 1-0

[Event "Grand Prix Romania 1st Stage 2024"]
[Site "Bucuresti"]
[Date "2024.03.24"]
[Round "8.20"]
[White "Grigore, George-Gabriel"]
[Black "Nedelcu, Teodor-Cosmin"]
[Result "1/2-1/2"]
[ECO "D35"]
[WhiteElo "2423"]
[BlackElo "2306"]
[Annotator "TA"]
[PlyCount "69"]
[EventDate "2024.03.20"]
[EventType "swiss"]
[EventCountry "ROU"]
[SourceTitle "playchess.com"]
[Source "ChessBase"]
[SourceQuality "1"]
[TimeControl "900+5"]

1. d4 d5 2. c4 e6 3. Nc3 Nf6 4. cxd5 exd5 5. Bg5 c6 6. e3 Bd6 7. Bd3 O-O 8. Qc2 {[%emt 0:00:05][%cal Od3h7] Und Bxh7+! würde nun gewinnen.} h6 9. Bh4 Re8 10. Nge2 a5 11. h3 Na6 12. a3 {[%emt 0:00:02] Es drohte Nb4} Nc7 13. O-O Ne6 14. f4 Nf8 15. Rf3 Be7 16. Kh1 Ne4 17. Bxe7 Qxe7 18. Bxe4 dxe4 19. Rff1 f5 (19... Nd7 $11) 20. Rfd1 Be6 21. Na4 (21. d5 $14 cxd5 22. Nxd5) 21... Nd7 $11 22. Rac1 Nf6 23. Nc5 Bd5 24. Nc3 b6 25. N5a4 b5 26. Nb6 Rab8 27. Nbxd5 cxd5 28. Ne2 b4 29. a4 Qd7 30. Qc7 (30. Qb3 $1 $14 {war vorzuziehen.}) 30... Qxa4 31. Ng3 Rbc8 32. Qb7 {[%emt 0:00:26][%cal Og3f5] [#] Und jetzt Nxf5! wäre schön.} Rb8 33. Qc7 Rbc8 34. Qb7 $15 {[%emt 0:00:16][%cal Og3f5] Droht stark Nxf5!} Rb8 35. Qc7 {[%emt 0:01:32] Gewichteter Fehlerwert: Weiß=0.08 (makellos) /Schwarz=0.10 (sehr präzise) .  Fehler:       	Weiß=2     	Schwarz=2     Ungenau:       	---       	Schwarz=3     OK:         	Weiß=17    	Schwarz=7     Bester:       	Weiß=1     	Schwarz=1} 1/2-1/2

[Event "Grand Prix Romania 1st Stage 2024"]
[Site "Bucuresti"]
[Date "2024.03.24"]
[Round "8.21"]
[White "Vedmediuc, Serghei"]
[Black "Maximov, Oleg"]
[Result "1/2-1/2"]
[ECO "B27"]
[WhiteElo "2452"]
[BlackElo "2185"]
[Annotator "TA"]
[PlyCount "127"]
[EventDate "2024.03.20"]
[EventType "swiss"]
[EventCountry "ROU"]
[SourceTitle "playchess.com"]
[Source "ChessBase"]
[SourceQuality "1"]
[TimeControl "900+5"]

1. e4 c5 2. Nf3 g6 3. c3 Bg7 4. d4 cxd4 5. cxd4 d5 6. e5 Bg4 7. Bb5+ {[%emt 0:00:02] B27: Sicilian: 2 Nf3, unusual Black 2nd moves.} Nd7 8. Nbd2 a6 9. Be2 e6 10. O-O Ne7 11. h3 Bxf3 $1 12. Nxf3 Qb6 13. Bg5 Nc6 14. Qd2 O-O 15. Rfe1 $146 ({Predecessor:} 15. Rfd1 f6 16. exf6 Nxf6 17. Bxf6 Rxf6 18. Rac1 Raf8 19. Rc3 Rf4 20. Rb3 Qa7 21. Rd3 {1-0 Maximov,D (2497)-Niekras,D (2303) Titled Tuesday intern op 27th Jun Early blitz 2023 (2)}) 15... f6 16. exf6 Nxf6 17. Bd3 Rae8 18. Be3 Nh5 (18... Nb4 $11) 19. Be2 (19. Ne5 $1 $14) 19... Qb4 (19... Nf6 $11 {deserves consideration.}) 20. Qxb4 $14 Nxb4 21. Rec1 Nf4 22. Kf1 Nxe2 23. Kxe2 Rc8 24. Ng5 (24. Rc3 $11) 24... Rc2+ ({Better is} 24... Nc2 $15 25. Rab1 Nxd4+ 26. Bxd4 Bxd4 (26... Rxc1 27. Rxc1 Bxd4 28. Nxe6 $15) 27. Rxc8 Rxc8 28. Nxe6 Re8) 25. Rxc2 $11 Nxc2 26. Rd1 Re8 27. Nf3 Nxe3 28. Kxe3 Rc8 29. Kd3 Bf6 30. Ne1 g5 31. Nc2 Kf7 32. Re1 h5 33. g3 Rc4 34. g4 Rc8 35. Ne3 hxg4 36. hxg4 Rh8 37. Rc1 Bd8 38. Rc8 Ke7 39. Rb8 b6 40. b4 (40. Nc2 $11 {remains equal.}) 40... Rh1 (40... Rf8 $17 41. Rb7+ Kd6) 41. Ra8 a5 $1 42. bxa5 bxa5 43. Ra7+ Kd6 44. Rb7 Ra1 45. Rb2 a4 46. Nc2 $1 Rg1 47. Ne3 Ra1 48. Nc2 $1 Rg1 49. Rb4 Rxg4 50. Rxa4 Rg1 51. Ra6+ Kd7 52. Nb4 Rd1+ 53. Ke3 g4 54. Nc6 Bg5+ 55. Ke2 Rd2+ 56. Ke1 Rb2 57. Ne5+ Ke7 58. Ra7+ Ke8 59. Nxg4 Bd2+ 60. Ke2 Ba5+ 61. Ke3 Rxa2 62. Kf3 Ra3+ 63. Ne3 Bb4 64. Rxa3 1/2-1/2

[Event "Grand Prix Romania 1st Stage 2024"]
[Site "Bucuresti"]
[Date "2024.03.24"]
[Round "8.22"]
[White "Doluhanova, Evgeniya"]
[Black "Nevednichy, Vladislav"]
[Result "0-1"]
[ECO "D04"]
[WhiteElo "2261"]
[BlackElo "2445"]
[Annotator "TA"]
[PlyCount "101"]
[EventDate "2024.03.20"]
[EventType "swiss"]
[EventCountry "ROU"]
[SourceTitle "playchess.com"]
[Source "ChessBase"]
[SourceQuality "1"]
[TimeControl "900+5"]

1. Nf3 Nf6 2. e3 g6 3. b3 Bg7 4. Bb2 c5 5. d4 O-O 6. Be2 Ne4 7. O-O d5 8. c4 Nc6 9. cxd5 Qxd5 10. Nc3 Nxc3 11. Bxc3 Bf5 12. Rc1 {[%emt 0:01:48] The position is equal.} cxd4 13. Nxd4 Nxd4 14. Bxd4 Bxd4 15. Bf3 {[%emt 0:00:49] [#]} Be4 16. Bxe4 Qxe4 17. exd4 (17. Qxd4 {simplifies} Qxd4 18. exd4 Rac8 19. Rfd1) 17... Qf4 18. Qe2 e6 19. Qe5 {[%emt 0:00:48] Against Rad8} Qd2 20. Rc7 b6 21. h4 Rad8 22. Rxa7 Rxd4 23. g3 Rd5 24. Qc7 b5 25. Qc1 Qd4 26. Rc7 h5 27. Re1 Rf5 28. Qe3 Qxe3 29. Rxe3 $11 {[%emt 0:00:02][%mdl 4096] Endgame. KRR-KRR} Ra8 30. Re2 Rd5 31. Kg2 Ra6 32. Rec2 Kg7 33. Rb7 e5 34. Rcc7 Rf6 {[%emt 0:00:01] [#] Strongly threatening ...Rd2.} 35. Rd7 Rxd7 36. Rxd7 {[%emt 0:00:01] KR-KR} Ra6 37. Rd5 e4 38. Rd4 f5 39. a4 bxa4 40. bxa4 Kf6 41. f3 Ke5 42. Rb4 Rc6 43. f4+ $2 (43. Rb2 $11 {and White has nothing to worry.}) 43... Kd5 $19 {[%emt 0:00:01] White must now prevent ...Rc2+.} 44. a5 $2 (44. Rb2) 44... Rc2+ 45. Kf1 Ra2 {[%emt 0:00:02][%cal Oe4e3] ...e3! is the strong threat.} 46. Rb6 Rxa5 $2 (46... e3 {...Ke4 would now be deadly.} 47. Rb4 Kc5 (47... Rxa5 48. Ke2 $11)) 47. Rxg6 $2 (47. Ke2 Ra2+ 48. Ke3 Ra3+ 49. Kf2 Rf3+ 50. Kg2) 47... Kd4 (47... Ra2 $142 48. Rg8 Kd4) 48. Rb6 Ra1+ {[%emt 0:00:05] Black mates.} 49. Kf2 e3+ 50. Ke2 Ra2+ 51. Ke1 {[%emt 0:00:24] Weighted Error Value: White=0.67/Black=0.41.  Loses game:     	White=1     	---        Mistake:       	White=2     	---        Inaccurate:     	White=3     	Black=3      OK:         	White=12    	Black=17     Best:        	---       	Black=2} 0-1